 Dungeon Crawl Stone Soup version 0.24-a0-280-g7cec4da (webtiles) character file.

Game seed: 9502771099389868691

89 zishaf the Skirmisher (level 4, -3/49 HPs)
             Began as an Ogre Hunter on May 1, 2019.
             Slain by an orc
             ... wielding a +0 hand axe
              (4 damage)
             ... on level 3 of the Dungeon.
             The game lasted 00:06:15 (2693 turns).

zishaf the Skirmisher (Ogre Hunter)                 Turns: 2693, Time: 00:06:15

Health: -3/49      AC:  3    Str: 16    XL:     4   Next: 55%
Magic:  13/13      EV: 10    Int: 17    God:
Gold:   54         SH:  0    Dex: 10    Spells: 3/3 levels left

rFire    . . .     SeeInvis .   n - +0 trident
rCold    . . .     Gourm    .   (no shield)
rNeg     . . .     Faith    .   b - +0 robe
rPois    .         Spirit   .   (helmet restricted)
rElec    .         Reflect  .   (no cloak)
rCorr    .         Harm     .   (gloves unavailable)
MR       +....                  (boots unavailable)
Stlth    +.........             (no amulet)
HPRegen  0.16/turn              o - ring of magical power
MPRegen  0.13/turn              q - ring of protection from magic

@: brilliant, lethally poisoned (-3 -> -12)
A: large, unfitting armour, tough skin 1
a: no special abilities


You were on level 3 of the Dungeon.
You were not hungry.

You visited 1 branch of the dungeon, and saw 3 of its levels.

You collected 54 gold pieces.

Inventory:

Hand Weapons
 n - a +0 trident (weapon)
Missiles
 c - 5 large rocks (quivered)
 d - 2 throwing nets
 j - 21 stones
 s - 6 tomahawks
 u - 8 poisoned tomahawks
Armour
 b - a +0 robe (worn)
Jewellery
 o - a ring of magical power (left hand)
 q - a ring of protection from magic (right hand)
Wands
 p - a wand of iceblast (13)
Scrolls
 g - 3 scrolls of random uselessness {unknown}
 i - a scroll of blinking {unknown}
 k - 2 scrolls of identify {unknown}
 m - a scroll of noise {unknown}
 r - a scroll of teleportation {unknown}
 t - a scroll of remove curse {unknown}
Potions
 a - a potion of berserk rage {unknown}
 e - a potion of brilliance
 l - a potion of magic {unknown}
Comestibles
 f - 5 rations


   Skills:
 + Level 4.7 Fighting
 - Level 4.0 Throwing
 + Level 3.2 Dodging
 - Level 0.6 Stealth


You had 3 spell levels left.
You didn't know any spells.
Your spell library was empty.

Dungeon Overview and Level Annotations

Branches:
Dungeon (3/15)

Altars:


Innate Abilities, Weirdness & Mutations

You are too large for most types of armour.
You have tough skin. (AC +1)


Message History

The orc hits you with a +0 hand axe.
* * * LOW HITPOINT WARNING * * *
The leopard gecko bites you but does no damage.
The adder bites you.
* * * LOW HITPOINT WARNING * * *
You are lethally poisoned!
The adder poisons you!
You hit the adder.
You kill the adder!
* * * LOW HITPOINT WARNING * * *
You feel sick. The leopard gecko bites you.
* * * LOW HITPOINT WARNING * * *
The orc hits you with a +0 hand axe.
* * * LOW HITPOINT WARNING * * *
The leopard gecko bites you but does no damage.
It was a potion of brilliance.
You feel clever all of a sudden.
* * * LOW HITPOINT WARNING * * *
You feel sick. The orc hits you with a +0 hand axe.
You die...

#........# #........#
#........# #........#
#........# #........#
##.†l....>#
$####..@o.....##
...#.....#.....#
#...........#.##.
##............... #
#.......###..# #.
##....÷#.....# ##.
##...<.#.....##
....##...÷.........#
.....................


You could see an orc and a leopard gecko.

Vanquished Creatures
  2 adders (D:3)
  An ooze (D:1)
  2 dart slugs
  2 leopard geckos (D:1)
  4 giant cockroaches
  5 goblins
  7 hobgoblins
  7 jackals
  6 bats
  11 frilled lizards
  2 kobolds (D:1)
  13 rats
62 creatures vanquished.

Notes
Turn   | Place    | Note
-------+----------+-------------------------------------------
     0 | D:1      | zishaf the Ogre Hunter began the quest for the Orb.
     0 | D:1      | Reached XP level 1. HP: 22/22 MP: 1/1
    96 | D:1      | You fall through a shaft!
   162 | D:1      | Reached XP level 2. HP: 20/31 MP: 2/2
   678 | D:1      | Reached XP level 3. HP: 23/39 MP: 3/3
  1748 | D:2      | Reached XP level 4. HP: 41/49 MP: 4/4
  2692 | D:3      | HP: 2/49 [orc/+0 hand axe (4)]
  2693 | D:3      | Slain by an orc

Levels and vault maps discovered:
D:1:      lightli_arrival_statue_moat, layout_loops_ring
D:2:      layout_loops_corners, minmay_lizard_pond
D:3:      layout_rooms, dk_noncrumbling_3, chequers_serial_rivers_marsh

Skill      XL: |  1  2  3  4 |
---------------+-------------+-----
Fighting       | 3 4 |  4.7
Dodging        | 2 3 |  3.2
Throwing       | |  4.0
Stealth        | |  0.6

Action                   |  1- 3 |  4- 6 || total
-------------------------+-------+-------++-------
Melee: Short sword       |   224 |    17 ||   241
       Trident           |       |    31 ||    31
  Use: Potion            |       |     1 ||     1
 Stab: Sleeping          |     1 |     2 ||     3
  Eat: Chunk             |     3 |     3 ||     6
Armor: Robe              |    85 |    31 ||   116
Dodge: Dodged            |   139 |    45 ||   184

Table legend:
 A = Non-vault XP
 B = Vault XP
 C = Vault XP percentage of total XP
 D = Non-vault monster count
 E = Vault monster count
 F = Vault count percentage of total count
                 A         B        C        D         E       F
            +---------+---------+-------+---------+---------+-------
      Total |     121 |       7 |   5.5 |      55 |       7 |  11.3
            +---------+---------+-------+---------+---------+-------
        D:1 |      54 |       0 |   0.0 |      30 |       0 |   0.0
        D:2 |      39 |       7 |  15.2 |      22 |       7 |  24.1
        D:3 |      28 |       0 |   0.0 |       3 |       0 |   0.0
            +---------+---------+-------+---------+---------+-------
